 Dungeon Crawl Stone Soup version 0.28.0-43-g3370ac3207 (webtiles) character file.

Game seed: 11038440211610583237

12 protoss039 the Digger (level 2, -2/15 HPs)
             Began as a Deep Elf Earth Elementalist on Mar 7, 2022.
             Frozen to death by an endoplasm (4 damage)
             ... on level 1 of the Dungeon.
             The game lasted 00:00:57 (418 turns).

protoss039 the Digger (Deep Elf Earth Elementalist)  Turns: 418, Time: 00:00:58

Health: -2/15      AC:  2    Str:  5    XL:     2   Next: 20%
Magic:  8/8        EV: 12    Int: 19    God:
Gold:   2          SH:  0    Dex: 15    Spells: 6/7 levels left

rFire   . . .      SeeInvis .   d - +1 war axe (freeze)
rCold   . . .      Faith    .   (no shield)
rNeg    . . .      Spirit   .   b - +0 robe
rPois   .          Reflect  .   (no helmet)
rElec   .          Harm     .   (no cloak)
rCorr   .          Rampage  .   (no gloves)
Will    .....                   (no boots)
Stlth   ++........              (no amulet)
HPRegen 0.05/turn               (no ring)
MPRegen 0.11/turn               (no ring)

@: no status effects
A: no striking features
a: no special abilities


You were on level 1 of the Dungeon.
You visited 1 branch of the dungeon, and saw 1 of its levels.

You collected 2 gold pieces.

Inventory:

Hand Weapons
 d - a +1 war axe of freezing (weapon)
Missiles
 c - 34 stones
Armour
 b - a +0 robe (worn)


   Skills:
 - Level 2.4 Dodging
 - Level 2.4 Stealth
 + Level 3.2 Spellcasting
 + Level 1.1 Transmutations
 + Level 4.0 Earth Magic


You had 6 spell levels left.
You knew the following spells:

 Your Spells              Type           Power      Damage    Failure   Level
a - Sandblast             Erth           36%        2d10      3%          1

Your spell library contained the following spells:

 Spells                   Type           Power      Damage    Failure   Level
 Passwall                 Tmut/Erth      10%        N/A       8%          2
 Stone Arrow              Conj/Erth      20%        3d8       21%         3
 Petrify                  Tmut/Erth      12%        N/A       45%         4
 Chain Lightning          Conj/Air       1%         3d2       100%        9
 Fire Storm               Conj/Fire      1%         8d1       100%        9
 Shatter                  Erth           9%         3d11*     100%        9


Dungeon Overview and Level Annotations

Branches:
Dungeon (1/15)

Altars:


Message History

You closely miss the quokka. The jackal closely misses you.
An endoplasm comes into view.
The quokka barely misses you. The jackal bites you.
The jackal closely misses you. The hobgoblin misses you.
Unknown command.
You are too injured to fight recklessly!
Unknown command.
You are too injured to fight recklessly!
Unknown command.
You hit the quokka. You freeze the quokka.
You kill the quokka!
You hit the jackal but do no damage. You completely miss the hobgoblin.
You hit the jackal. You freeze the jackal.
You kill the jackal!
The jackal closely misses you. The jackal barely misses you.
The hobgoblin misses you. The jackal closely misses you.
Your Earth Magic skill increases to level 4!
Unknown command.
You miss the jackal. You hit the hobgoblin. You freeze the hobgoblin.
The hobgoblin hits you. The jackal barely misses you. The hobgoblin misses you.
The jackal bites you but does no damage.
Unknown command.
Unknown command.
Unknown command.
You closely miss the hobgoblin.
The hobgoblin is moderately wounded.
You hit the jackal. You freeze the jackal. The jackal bites you.
* * * LOW HITPOINT WARNING * * *
The hobgoblin hits you.
* * * LOW HITPOINT WARNING * * *
The jackal barely misses you.
Unknown command.
Unknown command.
You barely miss the hobgoblin.
The hobgoblin is moderately wounded.
You closely miss the jackal. The jackal misses you. The hobgoblin hits you.
* * * LOW HITPOINT WARNING * * *
The endoplasm freezes you.
You are frozen.
You die...

##. #. #.... #. #.
##.... #. ######.##
#..... #. #.......#
#....# ## #.......#
#....# # ........#
#....# # [......g#
#..).# ## ......J@#
#....# #.
....$.h.#####....######.
..[.....'...'....'......
).......#####....######.
.######## ###### #. #.
##


You could see an endoplasm, a jackal and a hobgoblin.

Vanquished Creatures
  A dart slug (D:1)
  An endoplasm (D:1)
  A hobgoblin (D:1)
  A jackal (D:1)
  2 quokkas (D:1)
  A ball python (D:1)
  A bat (D:1)
  A goblin (D:1)
  A kobold (D:1)
10 creatures vanquished.

Notes
Turn   | Place    | Note
-------+----------+-------------------------------------------
     0 | D:1      | protoss039 the Deep Elf Earth Elementalist began the quest
                  | for the Orb.
     0 | D:1      | Reached XP level 1. HP: 10/10 MP: 6/6
   387 | D:1      | Reached XP level 2. HP: 14/15 MP: 8/8
   416 | D:1      | Reached skill level 4 in Earth Magic
   418 | D:1      | Frozen to death by an endoplasm

Illustrated notes

Levels and vault maps discovered:
D:1:      matt_arrival_refuge, layout_basic

Skill      XL: |  1  2 |
---------------+-------+-----
Earth Magic    | 4 |  4.0
Dodging        | |  2.4
Stealth        | |  2.4
Spellcasting   | |  3.2
Transmutations | |  1.1

Action                   || total
-------------------------++-------
Melee: War axe           ||    13
 Cast: Sandblast         ||     1
Armor: Robe              ||     2
Dodge: Dodged            ||    21
